2885 views
Uploaded 2020-03-30 21:21:54
Game version 1.32.3
5:24 long 3on3 ladder game on (6)ThunderLake_LV
Saved by BEARAND
2885 views
Uploaded 2020-03-30 21:21:54
Game version 1.32.3
5:24 long 3on3 ladder game on (6)ThunderLake_LV


48 units @ 3.4k
/ 0k
38 buildings @ 4.1k
/ 1.6k

| Boots of Speed | 1 | 250 |
| total: | 1 | 250g |
| Wisp | 16 | 960 | / | 0 |
| total: | 16 | 960g | / | 0w |
| Altar of Elders | 1 | 180 | / | 50 |
| Moon Well | 5 | 900 | / | 200 |
| Tree of Ages | 1 | 320 | / | 180 |
| total: | 6 | 1080g | / | 250w |
| 0:01 | Wisp |
| 0:05 | Altar of Elders |
| 0:08 | Wisp |
| 0:16 | Moon Well |
| 0:17 | Wisp |
| 0:35 | Wisp |
| 0:46 | Wisp |
| 0:54 | Wisp |
| 1:02 | Wisp |
| 1:26 | Moon Well |
| 1:27 | Wisp |
| 1:36 | Wisp |
| 2:02 | Wisp |
| 2:12 | Mana Burn |
| 2:20 | Moon Well |
| 2:31 | Wisp |
| 2:39 | Wisp |
| 2:52 | Wisp |
| 3:04 | Moon Well |
| 3:10 | Wisp |
| 3:25 | Wisp |
| 3:33 | Wisp |
| 4:16 | Evasion |
| 4:21 | Tree of Ages |
| 4:35 | Moon Well |
| 4:48 | Boots of Speed |
| Assign group | 283 |
| Right click | 192 |
| Select group | 108 |
| Resource trade | 58 |
| Select | 45 |
| Build/train/purchase | 21 |
| Use ability | 8 |
| Chat | 7 |
| Item give/drop | 1 |

| Staff of Teleportation | 1 | 150 |
| Boots of Speed | 1 | 250 |
| total: | 2 | 400g |
| Peasant | 15 | 1125 | / | 0 |
| total: | 15 | 1125g | / | 0w |
| Scout Tower | 14 | 420 | / | 280 |
| Arcane Tower | 4 | 280 | / | 200 |
| Guard Tower | 13 | 910 | / | 650 |
| Altar of Kings | 1 | 180 | / | 50 |
| Farm | 2 | 160 | / | 40 |
| Lumber Mill | 1 | 120 | / | 0 |
| Town Hall | 1 | 385 | / | 205 |
| Keep | 2 | 640 | / | 420 |
| total: | 19 | 1265g | / | 575w |
| 0:03 | Peasant |
| 0:03 | Peasant |
| 0:04 | Peasant |
| 0:11 | Altar of Kings |
| 0:19 | Farm |
| 0:21 | Peasant |
| 0:36 | Lumber Mill |
| 0:59 | Scout Tower |
| 1:02 | Peasant |
| 1:20 | Farm |
| 1:28 | Peasant |
| 1:28 | Peasant |
| 1:28 | Peasant |
| 1:43 | Scout Tower |
| 1:44 | Scout Tower |
| 1:45 | Arcane Tower |
| 1:46 | Scout Tower |
| 1:56 | Peasant |
| 2:02 | Peasant |
| 2:09 | Blizzard |
| 2:14 | Guard Tower |
| 2:15 | Scout Tower |
| 2:17 | Arcane Tower |
| 2:19 | Scout Tower |
| 2:48 | Guard Tower |
| 2:49 | Scout Tower |
| 2:50 | Brilliance Aura |
| 3:02 | Guard Tower |
| 3:03 | Guard Tower |
| 3:04 | Scout Tower |
| 3:05 | Scout Tower |
| 3:23 | Scout Tower |
| 3:24 | Scout Tower |
| 3:25 | Scout Tower |
| 3:30 | Peasant |
| 3:31 | Peasant |
| 3:31 | Peasant |
| 3:31 | Peasant |
| 3:31 | Peasant |
| 3:39 | Town Hall |
| 3:41 | Staff of Teleportation |
| 3:46 | Guard Tower |
| 3:49 | Guard Tower |
| 4:04 | Boots of Speed |
| 4:08 | Scout Tower |
| 4:17 | Guard Tower |
| 4:33 | Keep |
| 4:41 | Arcane Tower |
| 5:10 | Guard Tower |
| 5:11 | Scout Tower |
| 5:12 | Guard Tower |
| 5:13 | Guard Tower |
| Right click | 327 |
| Select | 114 |
| Build/train/purchase | 42 |
| Chat | 21 |
| Select group | 20 |
| Use ability | 5 |
| Assign group | 4 |
| Misc. action | 3 |
| Remove unit | 3 |
| Minimap ping | 1 |

| Healing Salve | 1 | 100 |
| Lesser Clarity Potion | 1 | 70 |
| Boots of Speed | 1 | 250 |
| Circlet of Nobility | 1 | 175 |
| Staff of Teleportation | 1 | 150 |
| total: | 5 | 745g |
| Peon | 17 | 1275 | / | 0 |
| total: | 17 | 1275g | / | 0w |
| Watch Tower | 8 | 880 | / | 640 |
| Altar of Storms | 1 | 180 | / | 50 |
| Orc Burrow | 2 | 320 | / | 80 |
| War Mill | 1 | 205 | / | 0 |
| Voodoo Lounge | 1 | 130 | / | 30 |
| total: | 13 | 1715g | / | 800w |
| 0:05 | Altar of Storms |
| 0:11 | Orc Burrow |
| 0:11 | Peon |
| 0:11 | Peon |
| 0:12 | Peon |
| 0:30 | Peon |
| 0:53 | War Mill |
| 0:58 | Peon |
| 1:09 | Peon |
| 1:17 | Voodoo Lounge |
| 1:22 | Peon |
| 1:38 | Peon |
| 1:45 | Peon |
| 1:55 | Peon |
| 2:03 | Wind Walk |
| 2:11 | Watch Tower |
| 2:14 | Peon |
| 2:19 | Orc Burrow |
| 2:27 | Watch Tower |
| 2:31 | Peon |
| 2:43 | Peon |
| 2:44 | Peon |
| 3:09 | Peon |
| 3:12 | Spiked Barricades |
| 3:15 | Watch Tower |
| 3:38 | Watch Tower |
| 3:40 | Watch Tower |
| 3:41 | Peon |
| 3:42 | Peon |
| 4:06 | Boots of Speed |
| 4:06 | Circlet of Nobility |
| 4:12 | Staff of Teleportation |
| 4:21 | Healing Salve |
| 4:21 | Lesser Clarity Potion |
| 4:29 | Watch Tower |
| 4:43 | Watch Tower |
| 4:51 | Watch Tower |
| Right click | 216 |
| Select group | 132 |
| Select | 44 |
| Build/train/purchase | 33 |
| Minimap ping | 9 |
| Chat | 7 |
| Use ability | 6 |
| Assign group | 3 |
| Item give/drop | 1 |
38 units @ 3.8k
/ 0k
27 buildings @ 3.7k
/ 1.2k

| Rod of Necromancy | 1 | 150 |
| total: | 1 | 150g |
| Acolyte | 2 | 150 | / | 0 |
| Ghoul | 9 | 1080 | / | 0 |
| total: | 11 | 1230g | / | 0w |
| Nerubian Tower | 1 | 100 | / | 20 |
| Altar of Darkness | 1 | 180 | / | 50 |
| Crypt | 1 | 200 | / | 50 |
| Ziggurat | 3 | 450 | / | 150 |
| Tomb of Relics | 1 | 130 | / | 30 |
| Halls of the Dead | 1 | 320 | / | 210 |
| total: | 6 | 960g | / | 280w |
| 0:11 | Altar of Darkness |
| 0:17 | Crypt |
| 0:22 | Ziggurat |
| 0:46 | Acolyte |
| 0:46 | Acolyte |
| 1:07 | Ziggurat |
| 1:23 | Ghoul |
| 1:41 | Tomb of Relics |
| 1:56 | Ghoul |
| 2:13 | Ghoul |
| 2:15 | Carrion Beetles |
| 2:22 | Ghoul |
| 2:30 | Nerubian Tower |
| 2:47 | Ziggurat |
| 3:04 | Rod of Necromancy |
| 3:20 | Ghoul |
| 3:41 | Ghoul |
| 4:10 | Ghoul |
| 4:11 | Ghoul |
| 4:11 | Ghoul |
| 4:36 | Halls of the Dead |
| Right click | 151 |
| Select | 62 |
| Build/train/purchase | 19 |
| Select group | 16 |
| Assign group | 10 |
| Minimap ping | 9 |

| Healing Salve | 2 | 200 |
| total: | 2 | 200g |
| Peon | 9 | 675 | / | 0 |
| Grunt | 4 | 800 | / | 0 |
| total: | 13 | 1475g | / | 0w |
| Altar of Storms | 1 | 180 | / | 50 |
| Orc Burrow | 3 | 480 | / | 120 |
| Barracks | 1 | 180 | / | 50 |
| Voodoo Lounge | 1 | 130 | / | 30 |
| Great Hall | 1 | 385 | / | 185 |
| Stronghold | 1 | 315 | / | 190 |
| total: | 7 | 1355g | / | 435w |
| 0:02 | Peon |
| 0:03 | Peon |
| 0:09 | Altar of Storms |
| 0:19 | Orc Burrow |
| 0:30 | Peon |
| 0:36 | Barracks |
| 0:46 | Peon |
| 1:05 | Peon |
| 1:19 | Peon |
| 1:31 | Orc Burrow |
| 1:40 | Grunt |
| 1:54 | Voodoo Lounge |
| 2:01 | Peon |
| 2:09 | Endurance Aura |
| 2:25 | Grunt |
| 2:28 | Peon |
| 2:28 | Peon |
| 2:58 | Grunt |
| 3:20 | Stronghold |
| 3:44 | Grunt |
| 4:08 | War Stomp |
| 4:37 | Healing Salve |
| 4:41 | Healing Salve |
| 4:48 | Great Hall |
| 4:52 | Orc Burrow |
| Right click | 215 |
| Select group | 86 |
| Select | 74 |
| Build/train/purchase | 19 |
| Misc. action | 18 |
| Assign group | 6 |
| Use ability | 4 |
| Item give/drop | 1 |

| Peasant | 14 | 1050 | / | 0 |
| total: | 14 | 1050g | / | 0w |
| Scout Tower | 4 | 120 | / | 80 |
| Arcane Tower | 2 | 140 | / | 100 |
| Guard Tower | 1 | 70 | / | 50 |
| Altar of Kings | 1 | 180 | / | 50 |
| Farm | 4 | 320 | / | 80 |
| Barracks | 3 | 480 | / | 180 |
| Lumber Mill | 1 | 120 | / | 0 |
| Blacksmith | 1 | 140 | / | 60 |
| total: | 14 | 1360g | / | 450w |
| 0:03 | Peasant |
| 0:03 | Peasant |
| 0:24 | Altar of Kings |
| 0:29 | Farm |
| 0:34 | Peasant |
| 0:35 | Peasant |
| 0:52 | Peasant |
| 1:08 | Farm |
| 1:14 | Barracks |
| 1:16 | Peasant |
| 1:21 | Peasant |
| 1:37 | Lumber Mill |
| 1:40 | Peasant |
| 1:48 | Scout Tower |
| 1:53 | Peasant |
| 2:12 | Blacksmith |
| 2:14 | Peasant |
| 2:21 | Arcane Tower |
| 2:30 | Blizzard |
| 2:42 | Barracks |
| 2:48 | Peasant |
| 2:49 | Peasant |
| 3:44 | Peasant |
| 3:44 | Peasant |
| 4:04 | Scout Tower |
| 4:06 | Scout Tower |
| 4:10 | Scout Tower |
| 4:17 | Farm |
| 4:36 | Arcane Tower |
| 4:38 | Farm |
| 4:40 | Guard Tower |
| 4:49 | Barracks |
| Right click | 97 |
| Select group | 84 |
| Select | 58 |
| Build/train/purchase | 25 |
| Chat | 5 |
| Assign group | 3 |
| Use ability | 1 |
⇛